 Dungeon Crawl Stone Soup version 0.31-a0-188-g5e087ee2ca (webtiles) character file.

Game seed: 4572423124685862234

102 qw the Shooter (level 4, 0/25 HPs)
             Began as a Deep Elf Hunter on June 23, 2023.
             Slain by an adder (3 damage)
             ... on level 3 of the Dungeon.
             The game lasted 00:00:42 (1351 turns).

qw the Shooter (Deep Elf Hunter)                    Turns: 1351, Time: 00:00:43

Health: 0/25       AC:  5    Str: 10    XL:     4   Next: 49%
Magic:  6/6        EV: 12    Int: 14    God:
Gold:   169        SH:  0    Dex: 18    Spells: 3/3 levels left

rFire   . . .        Y - +0 shortbow
rCold   . . .        (shield currently unavailable)
rNeg    . . .        c - +0 leather armour
rPois   .            b - +0 helmet
rElec   .            (no cloak)
rCorr   .            (no gloves)
SInv    .            g - +0 pair of boots
Will    .....        (no amulet)
Stlth   ++           (no ring)
HPRegen 0.24/turn    (no ring)
MPRegen 0.10/turn

%: no passive effects
@: lethally poisoned (0 -> -5), about to teleport
A: no striking features
a: no special abilities


You were on level 3 of the Dungeon.
You visited 1 branch of the dungeon, and saw 3 of its levels.

You collected 169 gold pieces.


   Skills:
 - Level 1.5 Fighting
 + Level 7.9 Ranged Weapons
 - Level 2.4 Dodging
 - Level 1.2 Stealth


You had 3 spell levels left.
You didn't know any spells.
Your spell library was empty.

Inventory:

Hand Weapons
 Y - a +0 shortbow (weapon)
Armour
 b - a +0 helmet (worn)
 c - a +0 leather armour (worn)
 g - a +0 pair of boots (worn)
Scrolls
 a - 2 scrolls of identify
 e - a scroll of teleportation
Potions
 d - a potion of ambrosia {unknown}
 h - a potion of haste {unknown}
 i - a potion of invisibility {unknown}

Dungeon Overview and Level Annotations

Branches:
Dungeon (3/15)

Altars:


Message History

The jackal bites you. The jackal barely misses you.
The adder bites you but does no damage.
The jackal bites you but does no damage. x2
You shoot an arrow. The arrow hits the jackal!
You kill the jackal!
The adder closely misses you. The jackal barely misses you.
You shoot an arrow. The arrow hits the jackal!
You kill the jackal!
The adder bites you but does no damage. The adder barely misses you.
You shoot an arrow. The arrow barely misses the adder.
The adder bites you.
You are poisoned.
The adder poisons you!
You shoot an arrow. The arrow hits the adder!
The adder is severely wounded.
You feel sick. The jackal closely misses you. The adder barely misses you.
The jackal bites you.
You shoot an arrow. The arrow hits the adder.
The adder is almost dead.
You feel sick. The adder bites you. The jackal closely misses you.
The adder barely misses you.
You shoot an arrow. The arrow barely misses the adder.
You feel sick.
The jackal bites you but does no damage.
The adder bites you.
You are lethally poisoned!
The adder poisons you! The jackal closely misses you.
You shoot an arrow. The arrow closely misses the adder.
You feel sick. The adder closely misses you. The jackal closely misses you.
You shoot an arrow.
The arrow hits the adder but does no damage.
The adder is almost dead.
You feel sick. The adder misses you. The jackal bites you.
The adder bites you but does no damage.
The jackal bites you but does no damage.
1351 ||| READING 2 scrolls of teleportation.
As you read the scroll of teleportation, it crumbles to dust.
You feel strangely unstable.
You feel sick. The jackal bites you. The adder bites you.
You die...

###..#..#..#
#.......#.## ..
#.........# .
....###.....##..#
...............(..
....###).####....##
#. ##...#### .....
##..#..........
#.@...#..### ..
#.$Sh.....##
##...#...##
........##
........##
.>.....%..#
$......[..#
######.....


You could see an adder and a jackal.

Vanquished Creatures
  Jessica (D:2)
  An adder (D:2)
  3 worms (D:2)
  A dart slug (D:2)
  9 endoplasms
  3 goblins
  4 hobgoblins
  6 jackals
  3 kobolds
  2 quokkas
  8 ball pythons
  5 bats
  A frilled lizard (D:2)
  6 rats
53 creatures vanquished.

Notes
Turn   | Place    | Note
-------+----------+-------------------------------------------
     0 | D:1      | qw the Deep Elf Hunter began the quest for the Orb.
     0 | D:1      | Reached XP level 1. HP: 12/12 MP: 3/3
     0 | D:1      | 0 ||| qw: Version: 0.3-a-9-g12657ce
     0 | D:1      | 0 ||| qw: Game counter: 3500
     0 | D:1      | 0 ||| qw: Always use a shield: true
     0 | D:1      | 0 ||| qw: God list: Okawaru
     0 | D:1      | 0 ||| qw: Allow faded altars: false
     0 | D:1      | 0 ||| qw: Do Orc after D:15 true
     0 | D:1      | 0 ||| qw: Do second Lair branch before Depths: true
     0 | D:1      | 0 ||| qw: Lair rune preference: random
     0 | D:1      | 0 ||| qw: Plans: Normal
     0 | D:1      | 0 ||| PLANNING D:1-11
   182 | D:1      | Reached skill level 6 in Ranged Weapons
   182 | D:1      | Reached XP level 2. HP: 16/16 MP: 4/4
   474 | D:1      | 474 ||| UPGRADING to +0 pair of boots.
   479 | D:1      | 479 ||| READING 2 scrolls labelled ULUIXTUUXT.
   480 | D:1      | 480 ||| READING 2 scrolls labelled CAUDIYTHRAY.
   483 | D:1      | 483 ||| READING scroll labelled ANIUTO IRGHU.
   484 | D:1      | 484 ||| READING scroll labelled TIROVIXT XUHIU.
   485 | D:1      | 485 ||| DROPPING scroll of butterflies.
   505 | D:2      | Reached XP level 3. HP: 13/20 MP: 5/5
   615 | D:2      | Reached skill level 7 in Ranged Weapons
   694 | D:2      | Noticed Jessica
   699 | D:2      | Killed Jessica
   700 | D:2      | Reached XP level 4. HP: 25/25 MP: 6/6
  1111 | D:2      | 1111 ||| UPGRADING to +0 helmet.
  1116 | D:2      | 1116 ||| READING scroll labelled YGRIGI XEYGGEMMEO.
  1117 | D:2      | 1117 ||| DRINKING 2 lumpy green potions.
  1118 | D:2      | 1118 ||| DROPPING potion of attraction.
  1120 | D:2      | 1120 ||| Stepping ~*~*~tactically~*~*~ (cloud).
  1125 | D:2      | HP: 6/25 [poisoned by you (poison gas)]
  1350 | D:3      | HP: 6/25 [poisoned by an adder]
  1351 | D:3      | 1351 ||| READING 2 scrolls of teleportation.
  1351 | D:3      | Slain by an adder

Levels and vault maps discovered:
D:1:      wander_arrival_fairy_ring, layout_basic, minmay_tromino_mix6
D:2:      layout_basic, uniq_jessica
D:3:      layout_rooms, mainiacjoe_overflow_big_doors, uniq_natasha,
          uniq_sigmund, uniq_grinder

Skill      XL: |  1  2  3 |
---------------+----------+-----
Ranged Weapons | 6 7 |  7.9
Fighting       | |  1.5
Dodging        | |  2.4
Stealth        | |  1.2

Action                     |  1- 3 |  4- 6 || total
---------------------------+-------+-------++-------
   Fire: Shortbow          |    85 |    68 ||   153
    Use: Scroll            |     4 |     2 ||     6
         Potion            |       |     1 ||     1
 Armour: Leather armour    |     2 |    16 ||    18
  Dodge: Dodged            |     8 |    35 ||    43

Table legend:
 A = Non-vault XP
 B = Vault XP
 C = Vault XP percentage of total XP
 D = Non-vault monster count
 E = Vault monster count
 F = Vault count percentage of total count
                 A         B        C        D         E       F
            +---------+---------+-------+---------+---------+-------
      Total |     102 |      44 |  30.1 |      48 |       5 |   9.4
            +---------+---------+-------+---------+---------+-------
        D:1 |      21 |       7 |  25.0 |      14 |       4 |  22.2
        D:2 |      61 |      37 |  37.8 |      23 |       1 |   4.2
        D:3 |      20 |       0 |   0.0 |      11 |       0 |   0.0
            +---------+---------+-------+---------+---------+-------
